 Dungeon Crawl Stone Soup version 0.29-a0-43-g62a80824bf (webtiles) character file.

Game seed: 5324128886129897995

204 jij1949 the Slasher (level 5, 0/48 HPs)
             Began as a Minotaur Berserker on Feb 3, 2022.
             Was a Priest of Trog.
             Slain by a scorpion (5 damage)
             ... on level 4 of the Dungeon.
             The game lasted 00:11:37 (3061 turns).

jij1949 the Slasher (Minotaur Berserker)            Turns: 3061, Time: 00:11:38

Health: 0/48       AC: 11    Str: 24    XL:     5   Next: 52%
Magic:  4/4        EV:  8    Int:  4    God:    Trog [***...]
Gold:   111        SH:  0    Dex:  9    Spells: 4/4 levels left

rFire   . . .      SeeInvis .   a - +0 falchion
rCold   . . .      Faith    .   (no shield)
rNeg    . . .      Spirit   .   g - +1 chain mail
rPois   .          Reflect  .   (helmet restricted)
rElec   .          Harm     .   f - +0 cloak
rCorr   .          Rampage  .   (no gloves)
Will    .....                   (no boots)
Stlth   ..........              (no amulet)
HPRegen 0.16/turn               (no ring)
MPRegen 0.09/turn               (no ring)

@: no status effects
A: horns 2, retaliatory headbutt
a: Renounce Religion, Berserk, Trog's Hand


You were on level 4 of the Dungeon.
You worshipped Trog.
Trog was most pleased with you.
You visited 1 branch of the dungeon, and saw 4 of its levels.

You collected 111 gold pieces.

Inventory:

Hand Weapons
 a - a +0 falchion (weapon)
 j - a +0 short sword of draining
 p - a +0 whip of pain
 q - a +0 mace
 t - a +0 arbalest
 w - a +0 hunting sling
Missiles
 d - 121 stones
 i - 42 bolts
 r - 30 sling bullets
 u - 3 throwing nets (quivered)
Armour
 b - a +0 animal skin
 e - a +0 ring mail
 f - a +0 cloak (worn)
 g - a +1 chain mail (worn)
Scrolls
 h - a scroll of silence {unknown}
 k - 2 scrolls of amnesia
 o - a scroll of enchant armour
 v - a scroll of magic mapping {unknown}
Potions
 c - a potion of lignification {unknown}
 m - a potion of attraction
 n - a potion of flight
 s - a potion of curing


   Skills:
 + Level 5.0 Fighting
 + Level 5.6 Long Blades
 + Level 4.0 Armour
 + Level 2.6 Dodging


You had 4 spell levels left.
You didn't know any spells.
Your spell library contained the following spells:

 Spells                   Type           Power      Damage    Failure   Level
 Tukima's Dance           Hex            0%         N/A       100%        3
 Passage of Golubria      Tloc           0%         N/A       100%        4
 Yara's Violent Unravell  Hex/Tmut       0%         3d3       100%        5


Dungeon Overview and Level Annotations

Branches:
Dungeon (4/15)
 Temple: D:4-7

Altars:
Fedhas
Hepliaklqana
Qazlal


Innate Abilities, Weirdness & Mutations

You have a pair of horns on your head.
You reflexively headbutt those who attack you in melee.


Message History

The adder skeleton bites you but does no damage.
The hobgoblin completely misses you.
You hit the hound skeleton.
You destroy the hound skeleton!
Trog accepts your kill.
The adder skeleton bites you but does no damage.
The hobgoblin hits you.
Your Armour skill increases to level 4!
The adder skeleton barely misses you.
You slash the hobgoblin!
You kill the hobgoblin!
Trog accepts your kill. The ogre closely misses you.
Found 19 gold pieces.
You see here 19 gold pieces.
You now have 111 gold pieces (gained 19).
The ogre hits you with a +0 giant club!!
* * * LOW HITPOINT WARNING * * *
As you open the door, it creaks loudly! The ogre barely misses you.
Found 10 gold pieces.
There is an open door here.
A scorpion comes into view.
The scorpion stings you but does no damage.
Blink to where?
Press: ? - help, Dir - move target
Okay, then.
Blink to where?
Press: ? - help, Dir - move target
Okay, then.
Blink to where?
Press: ? - help, Dir - move target A gnoll, a hobgoblin and a jackal come into view.
Found 13 gold pieces.
As you read the scroll of blinking, it crumbles to dust.
The hobgoblin shouts!
The jackal barks!
A jackal comes into view.
The jackal barks!
The scorpion stings you.
You die...

####........
.........♣
#...Z........
..........
#.##.########
############
# #...'Z.#
#g.#
#..###.##
##.g.# ###.
#O$# h#..#
.###.##.h.#
#. #.s#..# .#
#.@.# #.
#..## .#####


You could see an ogre, a scorpion, a gnoll, 2 jackals, a hobgoblin and an adder
skeleton.

Vanquished Creatures
  An iguana (D:4)
  Jessica (D:2)
  An orc wizard (D:3)
  A hound skeleton (D:4)
  4 adders
  A worm (D:3)
  A dart slug (D:2)
  5 orcs
  7 endoplasms
  4 giant cockroaches
  7 goblins
  8 hobgoblins
  2 quokkas
  7 ball pythons
  3 bats
  2 frilled lizards
  8 kobolds
  4 rats
67 creatures vanquished.

Notes
Turn   | Place    | Note
-------+----------+-------------------------------------------
     0 | D:1      | jij1949 the Minotaur Berserker began the quest for the Orb.
     0 | D:1      | Reached XP level 1. HP: 19/19 MP: 0/0
   269 | D:1      | Reached XP level 2. HP: 27/27 MP: 1/1
  1183 | D:2      | Reached ** piety under Trog
  1184 | D:2      | Reached XP level 3. HP: 28/33 MP: 2/2
  1708 | D:2      | Noticed Jessica
  1712 | D:2      | Killed Jessica
  1713 | D:2      | Reached skill level 5 in Long Blades
  1713 | D:2      | Reached XP level 4. HP: 38/40 MP: 3/3
  2170 | D:3      | Found a stormy altar of Qazlal.
  2468 | D:3      | Reached XP level 5. HP: 40/47 MP: 4/4
  2559 | D:3      | Found a hazy altar of Hepliaklqana.
  2560 | D:3      | Found a blossoming altar of Fedhas.
  2668 | D:3      | Reached *** piety under Trog
  2684 | D:3      | Reached skill level 5 in Fighting
  2981 | D:4      | Noticed an ogre
  3061 | D:4      | Slain by a scorpion

Illustrated notes

Levels and vault maps discovered:
D:1:      minmay_arrival_wavy_path, layout_loops_ring, nrook_mini_backslash
D:2:      layout_loops_cross, minmay_randomly_rotated_circles, uniq_jessica
D:3:      layout_basic, lemuel_tele_altar, mainiacjoe_overflow_divided_tiny,
          columned_hall_lemuel
D:4:      minmay_razor_zed, layout_rooms, gammafunk_temple_overflow_pools,
          minmay_temple_entry_nine_rooms, serial_forest,
          infiniplex_forest_lined_3, infiniplex_forest_lined_3_way,
          infiniplex_forest_lined_2, infiniplex_forest_straight_5,
          infiniplex_forest_straight_1, infiniplex_forest_lined_room_,
          infiniplex_forest_lined_3, infiniplex_forest_end_1

Skill      XL: |  1  2  3  4  5 |
---------------+----------------+-----
Fighting       | 4 5 |  5.0
Long Blades    | 4 5 |  5.6
Armour         | 3 4 |  4.0
Dodging        | |  2.6

Action                   |  1- 3 |  4- 6 || total
-------------------------+-------+-------++-------
Melee: Falchion          |    89 |    86 ||   175
       Headbutt          |    13 |    10 ||    23
       Punch             |       |     1 ||     1
  Use: Scroll            |       |     7 ||     7
Armor: Animal skin       |     2 |       ||     2
       Chain mail        |    54 |    49 ||   103
Dodge: Dodged            |    51 |    30 ||    81

Table legend: (Time is in decaauts)
 A = Elapsed time spent in this place.
 B = Non-inter-level travel time spent in this place.
 C = Inter-level travel time spent in this place.
 D = Time resting spent in this place.
 E = Time spent auto-exploring this place.
 F = Levels seen in this place.
 G = Mean time per level.
                   A        B        C        D        E       F      G
               +--------+--------+--------+--------+--------+-----+--------+
         Total |   3071 |   2751 |    320 |      0 |   2183 |   4 |  767.8 |
       Dungeon |   3071 |   2751 |    320 |      0 |   2183 |   4 |  767.8 |
               +--------+--------+--------+--------+--------+-----+--------+

Top non-repeatable levels by time:
     D:2: 1199 daAuts
     D:1: 911 daAuts
     D:3: 873 daAuts
     D:4: 87 daAuts
